 Dungeon Crawl Stone Soup version 0.29-a0-338-g1ff7896281 (webtiles) character file.

Game seed: 9594189104835069937

88 quokkamancerX the Magician (level 4, -4/30 HPs)
             Began as a Merfolk Summoner on Apr 17, 2022.
             Killed by divine providence
             ... invoked by an orc priest
              (14 damage)
             ... on level 3 of the Dungeon.
             The game lasted 00:22:18 (3956 turns).

quokkamancerX the Magician (Merfolk Summoner)       Turns: 3956, Time: 00:22:18

Health: -4/30      AC:  2    Str:  8    XL:     4   Next: 53%
Magic:  7/10       EV: 12    Int: 16    God:
Gold:   80         SH:  0    Dex: 14    Spells: 5/11 levels left

rFire   . . .      SeeInvis .   d - +0 short sword
rCold   . . .      Faith    .   (no shield)
rNeg    . . .      Spirit   .   a - +0 robe
rPois   .          Reflect  .   (no helmet)
rElec   .          Harm     .   (no cloak)
rCorr   .          Rampage  .   (no gloves)
Will    +....                   (no boots)
Stlth   ++........              (no amulet)
HPRegen 0.10/turn               f - ring of willpower
MPRegen 0.12/turn               (no ring)

@: no status effects
A: (nimble swimmer 2), mertail
a: no special abilities


You were on level 3 of the Dungeon.
You visited 1 branch of the dungeon, and saw 3 of its levels.

You collected 80 gold pieces.

Inventory:

Hand Weapons
 d - a +0 short sword (weapon)
Armour
 a - a +0 robe (worn)
Jewellery
 f - a ring of willpower (left hand)
Scrolls
 c - a scroll of magic mapping {unknown}
 h - a scroll of vulnerability {unknown}
 l - 2 scrolls of identify {unknown}
Potions
 b - a potion of magic
 e - 2 potions of cancellation {unknown}
 g - a potion of mutation {unknown}
 i - 2 potions of ambrosia {unknown}
 j - 2 potions of lignification {unknown}
 k - a potion of brilliance {unknown}
 m - a potion of attraction {unknown}
 n - a potion of heal wounds {unknown}
 o - a potion of degeneration {unknown}


   Skills:
 - Level 2.6 Dodging
 - Level 2.1 Stealth
 + Level 4.3 Spellcasting
 - Level 4.0 Summonings


You had 5 spell levels left.
You knew the following spells:

 Your Spells              Type           Power      Damage    Failure   Level
a - Summon Small Mammal   Summ           64%        N/A       3%          1
b - Call Imp              Summ           16%        N/A       4%          2
c - Call Canine Familiar  Summ           16%        N/A       10%         3

Your spell library contained the following spells:

 Spells                   Type           Power      Damage    Failure   Level
 Summon Guardian Golem    Hex/Summ       9%         N/A       22%         3
 Ozocubu's Armour         Ice            3%         N/A       45%         3
 Summon Lightning Spire   Summ/Air       9%         N/A       58%         4
 Ozocubu's Refrigeration  Ice            1%         4d5       100%        7


Dungeon Overview and Level Annotations

Branches:
Dungeon (3/15)

Altars:
Xom

Shops:
D:1 [   D:3 *


Innate Abilities, Weirdness & Mutations

((You are very nimble when in or above water. (Stealth+, EV+, Speed+++)))
Your lower body shifts to a powerful aquatic tail in water.


Message History

l - 2 scrolls labelled ZILOET ESHRAU (gained 1)
There is a stone staircase leading up here.
Found Qidol's Assorted Antiques.
The orc priest shouts!
The orc priest calls down the wrath of Beogh upon you.
Beogh smites you!
Casting: Call Imp (safe; 4% risk of failure)
Confirm with . or Enter, or press ? or * to list all spells.
A beastly little devil appears in a puff of flame.
Casting: Call Imp (safe; 4% risk of failure)
Confirm with . or Enter, or press ? or * to list all spells.
The spell is quite dangerous to miscast (10% risk of failure)!
Continue anyway?
The orc priest closely misses your hound.
The orc priest misses your hound.
The orc priest looks encouraged for a moment.
The orc priest closely misses your hound.
The orc priest hits your hound with a +0 club.
Your crimson imp hits the orc priest but does no damage.
Your hound bites the orc priest but does no damage.
The orc priest hits your hound but does no damage.
The orc priest invokes the aid of Beogh against you.
Beogh smites you!
Your hound bites the orc priest but does no damage.
Your crimson imp hits the orc priest but does no damage.
Your hound bites the orc priest.
The orc priest hits your hound with a +0 club.
The orc priest calls upon Beogh to heal the orc priest.
The orc priest's wounds heal themselves!
Your crimson imp barely misses the orc priest.
Your crimson imp hits the orc priest but does no damage.
Your hound barely misses the orc priest.
There is a stone staircase leading up here.
The orc priest hits your hound with a +0 club.
Your hound bites the orc priest.
Your crimson imp barely misses the orc priest.
Your hound closely misses the orc priest.
Something completely misses your crimson imp.
The orc priest invokes the aid of Beogh against you.
Beogh smites you!
You die...

#############
####...........##
#.......#........
#.##.##.#.####.##
##.##.##.#.......# #
#....5oh.....##..# ###.##
#..##.##@....##
.....####..##..........<.
.....................###.
......o.......##.....#
###...........####.### #
.####.##### #.# # # #∩ ..
. # ##. # ..


You could see an orc priest (ally target), a friendly hound (summoned) and a
friendly crimson imp (summoned).

Vanquished Creatures
  3 bats (D:1)
  2 endoplasms
  4 goblins
  4 hobgoblins
  2 kobolds
  A ball python (D:2)
  3 frilled lizards (D:2)
  A rat (D:2)
20 creatures vanquished.

Vanquished Creatures (collateral kills)
  3 adders (D:2)
  3 dart slugs (D:2)
  6 ball pythons
  5 endoplasms
  4 goblins
  3 hobgoblins
  A quokka (D:2)
  A frilled lizard (D:2)
  5 kobolds
  A rat (D:2)
32 creatures vanquished.

Grand Total: 52 creatures vanquished

Notes
Turn   | Place    | Note
-------+----------+-------------------------------------------
     0 | D:1      | quokkamancerX the Merfolk Summoner began the quest for the
                  | Orb.
     0 | D:1      | Reached XP level 1. HP: 13/13 MP: 3/3
   341 | D:1      | Found Hoyxijagg's Antique Armour Boutique.
   957 | D:1      | Reached XP level 2. HP: 19/19 MP: 3/5
  1836 | D:1      | Reached XP level 3. HP: 24/24 MP: 3/7
  1875 | D:1      | Learned a level 2 spell: Call Imp
  1879 | D:1      | Learned a level 3 spell: Call Canine Familiar
  2236 | D:2      | Found a shimmering altar of Xom.
  2834 | D:2      | Identified the +1 ring mail "Biggir" {rElec rF- Int+3 SInv}
  2984 | D:2      | Reached XP level 4. HP: 30/30 MP: 5/10
  3485 | D:2      | Found a faded altar of an unknown god.
  3937 | D:3      | Found Qidol's Assorted Antiques.
  3956 | D:3      | Killed from afar by an orc priest

Illustrated notes

Levels and vault maps discovered:
D:1:      ncdulo_wetmaze, layout_basic, serial_shops, nicolae_shop_crystal,
          minmay_pentomino_p2
D:2:      layout_basic, basic_altar, shapermc_ecumenical_altar_starsandcircs,
          amcnicky_mini_rare_corridor_liquid, minmay_divided_ellipse
D:3:      layout_loops_ring, mainiacjoe_overflow_paths, serial_shops, shop,
          shop, nicolae_lakefront_shop, shop, nicolae_shop_statue_plus,
          kennysheep_another_room, uniq_terence

Skill      XL: |  1  2  3 |
---------------+----------+-----
Spellcasting   | 3 4 |  4.3
Dodging        | |  2.6
Stealth        | |  2.1
Summonings     | |  4.0

Action                   |  1- 3 |  4- 6 || total
-------------------------+-------+-------++-------
Melee: Short sword       |    56 |    11 ||    67
       Unarmed           |     1 |       ||     1
 Cast: Summon Small Mamm |    44 |    10 ||    54
       Call Imp          |     6 |    10 ||    16
       Call Canine Famil |       |     1 ||     1
 Stab: Distracted        |     3 |       ||     3
       Sleeping          |     2 |       ||     2
Armor: Robe              |    12 |     2 ||    14
Dodge: Dodged            |    46 |    14 ||    60

Table legend: (Time is in decaauts)
 A = Elapsed time spent in this place.
 B = Non-inter-level travel time spent in this place.
 C = Inter-level travel time spent in this place.
 D = Time resting spent in this place.
 E = Time spent auto-exploring this place.
 F = Levels seen in this place.
 G = Mean time per level.
                   A        B        C        D        E       F      G
               +--------+--------+--------+--------+--------+-----+--------+
         Total |   3955 |   3889 |     66 |   1505 |    144 |   3 | 1318.3 |
       Dungeon |   3955 |   3889 |     66 |   1505 |    144 |   3 | 1318.3 |
               +--------+--------+--------+--------+--------+-----+--------+

Top non-repeatable levels by time:
     D:1: 2110 daAuts
     D:2: 1793 daAuts
     D:3: 51 daAuts
